 Dungeon Crawl Stone Soup version 0.29.1-1-gd02db6906a (webtiles) character file.

Game seed: 10226759918432597796

122 Ashen the Chiller (level 4, -2/33 HPs)
             Began as a Demonspawn Ice Elementalist on Oct 20, 2022.
             Splashed by a jelly's acid (11 damage)
             ... on level 2 of the Dungeon.
             The game lasted 00:10:01 (2730 turns).

Ashen the Chiller (Demonspawn Ice Elementalist)     Turns: 2730, Time: 00:10:02

Health: -2/33      AC: -6    Str:  8    XL:     4   Next: 78%
Magic:  7/8        EV: 12    Int: 18    God:
Gold:   62         SH:  0    Dex: 14    Spells: 1/8 levels left

rFire   . . .      SeeInvis .   i - +1 dagger (speed)
rCold   . . .      Faith    .   (no shield)
rNeg    . . .      Spirit   .   a - +0 robe
rPois   .          Reflect  .   (no helmet)
rElec   .          Harm     .   (no cloak)
rCorr   .          Rampage  .   (no gloves)
Will    .....                   (no boots)
Stlth   ++........              (no amulet)
HPRegen 0.11/turn               (no ring)
MPRegen 0.11/turn               (no ring)

@: corroded
A: powered by pain 1, spiny 1
a: no special abilities


You were on level 2 of the Dungeon.
You visited 1 branch of the dungeon, and saw 2 of its levels.

You collected 62 gold pieces.

Inventory:

Hand Weapons
 e - a +0 mace
 i - a +1 dagger of speed (weapon)
Armour
 a - a +0 robe (worn)
 b - a +0 buckler
Scrolls
 d - a scroll of enchant weapon {unknown}
 f - a scroll of blinking {unknown}
 g - a scroll of identify {unknown}
 h - a scroll of magic mapping {unknown}
 k - 3 scrolls of teleportation {unknown}
Potions
 c - a potion of invisibility {unknown}
 j - 2 potions of berserk rage {unknown}
 m - 2 potions of mutation {unknown}
 n - a potion of flight {unknown}


   Skills:
 + Level 1.7 Fighting
 + Level 2.6 Dodging
 + Level 2.6 Stealth
 + Level 2.6 Spellcasting
 + Level 4.1 Ice Magic


You had one spell level left.
You knew the following spells:

 Your Spells              Type           Power      Damage    Failure   Level
a - Freeze                Ice            68%        1d8       3%          1
b - Frozen Ramparts       Ice            34%        1d6       10%         3
c - Ozocubu's Armour      Ice            17%        N/A       10%         3

Your spell library contained the following spells:

 Spells                   Type           Power      Damage    Failure   Level
 Hailstorm                Conj/Ice       9%         3d4       58%         4


Dungeon Overview and Level Annotations

Branches:
Dungeon (2/15)

Altars:


Innate Abilities, Weirdness & Mutations

You sometimes gain a little power by taking damage.
You are partially covered in sharp spines.


Message History

Things that are here:
a +0 dagger; a kobold corpse Magic restored.
HP restored.
You open the door.
An endoplasm is nearby!
Unknown command.
Search for what [? for help]? venom Can't find anything matching that.
There is an open door here.
The jelly quivers.
You see here a rat skeleton.
The helpless endoplasm fails to defend itself.
You puncture the endoplasm!
You kill the endoplasm!
The endoplasm quivers.
The jelly completely misses you.
The endoplasm quivers. x2
The endoplasm is struck by your spines. The endoplasm misses you.
The jelly closely misses you. The endoplasm is struck by your spines.
You kill the endoplasm!
The endoplasm quivers.
You hit the endoplasm.
The endoplasm is moderately wounded.
The jelly hits you but does no damage. The endoplasm is struck by your spines.
You kill the endoplasm!
You hit the jelly.
Your hands burn!
The jelly is lightly wounded.
The jelly hits you. The acid corrodes you!
You are splashed with acid.
The jelly attacks as you move away! The jelly hits you.
You are splashed with acid!
You see here a goblin skeleton.
The endoplasm attacks as you move away! The endoplasm misses you.
The jelly hits you.
You are splashed with acid!
* * * LOW HITPOINT WARNING * * *
The jelly barely misses you.
You feel better. The jelly is struck by your spines. The jelly hits you.
* * * LOW HITPOINT WARNING * * *
The acid corrodes you!
You are splashed with acid!
You die...

.# #...##.## ####......)#
.# #...##..###.##.......#
.###..........###....####
..##...######## #....'..##
#.##...# ###.# ########.#
#....######...# ##..)...##
####.#........###'########
#.#........##...÷.P÷..#
####÷#........##@J.....P.#
##............##JJ.......#
#..#)...<.....##÷P.P...P÷#
#......#)..#####.........#
#.........## #.P.P...P(#
.......#...# ###########
.......##..# .......##..#
......###..#


You could see a jelly and 2 endoplasms.

Vanquished Creatures
  A jelly (D:2)
  2 adders (D:2)
  2 worms (D:2)
  2 dart slugs (D:2)
  4 bats
  12 endoplasms
  A giant cockroach (D:2)
  4 goblins
  4 hobgoblins
  4 jackals (D:2)
  3 quokkas
  7 ball pythons
  2 frilled lizards (D:1)
  10 kobolds
  2 rats
60 creatures vanquished.

Vanquished Creatures (others)
  2 fungi (D:2)
  8 toadstools (D:2)
10 creatures vanquished.

Grand Total: 70 creatures vanquished

Notes
Turn   | Place    | Note
-------+----------+-------------------------------------------
     0 | D:1      | Ashen the Demonspawn Ice Elementalist began the quest for
                  | the Orb.
     0 | D:1      | Reached XP level 1. HP: 13/13 MP: 3/3
   476 | D:1      | Gained mutation: You sometimes gain a little power by
                  | taking damage. [demonic ancestry]
   476 | D:1      | Reached XP level 2. HP: 20/20 MP: 3/5
   700 | D:1      | Found a faded altar of an unknown god.
  1476 | D:2      | Reached skill level 1 in Fighting
  1476 | D:2      | Reached XP level 3. HP: 12/26 MP: 0/6
  2180 | D:2      | Gained mutation: You are partially covered in sharp spines.
                  | [demonic ancestry]
  2180 | D:2      | Reached XP level 4. HP: 29/32 MP: 4/7
  2240 | D:2      | Reached skill level 4 in Ice Magic
  2530 | D:2      | Learned a level 3 spell: Frozen Ramparts
  2534 | D:2      | Learned a level 3 spell: Ozocubu's Armour
  2730 | D:2      | Splashed by a jelly's acid

Illustrated notes

Levels and vault maps discovered:
D:1:      minmay_arrival_split_and_join, layout_loops_cross,
          ebering_ecumenical_altar_abandoned, grunt_decor_resistance,
          skrybe_limestone_x
D:2:      cheibrodos_fertilizer, layout_rooms, minmay_shallow_snake_nest

Skill      XL: |  1  2  3  4 |
---------------+-------------+-----
Dodging        | 2 |  2.6
Stealth        | 2 |  2.6
Fighting       | 1 |  1.7
Ice Magic      | 4 |  4.1
Spellcasting   | |  2.6

Action                   |  1- 3 |  4- 6 || total
-------------------------+-------+-------++-------
Melee: Unarmed           |     6 |       ||     6
       Mace              |    16 |       ||    16
       Punch             |     1 |       ||     1
       Dagger            |    13 |    41 ||    54
 Cast: Freeze            |    62 |     2 ||    64
       Frozen Ramparts   |       |     1 ||     1
  Use: Potion            |     1 |     1 ||     2
 Stab: Sleeping          |     4 |     2 ||     6
Armor: Robe              |    16 |     5 ||    21
Dodge: Dodged            |    46 |    15 ||    61
